 Dungeon Crawl Stone Soup version 0.25.1-1-g288607f5aa (webtiles) character file.

Game seed: 2403935486095183791

1524 arial999 the Basher (level 8, -2/71 HPs)
             Began as a Minotaur Berserker on July 21, 2020.
             Was an Elder of Trog.
             Slain by Pikel
             ... wielding a +0 whip of freezing
              (5 damage)
             ... on level 6 of the Dungeon.
             The game lasted 00:35:06 (6040 turns).

arial999 the Basher (Minotaur Berserker)            Turns: 6040, Time: 00:35:07

Health: -2/71      AC:  6    Str: 25    XL:     8   Next: 54%
Magic:  7/7        EV: 10    Int:  4    God:    Trog [****..]
Gold:   222        SH:  7    Dex:  9    Spells: 7/7 levels left

rFire    + . .     SeeInvis .   l - +1 flail
rCold    + . .     Gourm    .   C - +0 kite shield
rNeg     . . .     Faith    .   f - +3 leather armour {rC+}
rPois    .         Spirit   .   (helmet restricted)
rElec    .         Reflect  .   u - scarf {repulsion}
rCorr    .         Harm     .   (no gloves)
MR       +....                  (no boots)
Stlth    +.........             (no amulet)
HPRegen  0.21/turn              e - ring of protection from magic
MPRegen  0.10/turn              g - ring of protection from fire

@: berserk cooldown, slowed, studying Stealth, lightly drained, repel missiles,
very slow
A: retaliatory headbutt, horns 2
a: Berserk, Trog's Hand, Brothers in Arms, Renounce Religion


You were on level 6 of the Dungeon.
You worshipped Trog.
Trog was greatly pleased with you.
You were very hungry.

You visited 1 branch of the dungeon, and saw 6 of its levels.

You collected 222 gold pieces.

Inventory:

Hand Weapons
 b - a +2 vorpal falchion
 l - a +1 flail (weapon)
 n - a +1 dagger of draining
Missiles
 j - 190 stones (quivered)
Armour
 f - a +3 leather armour of cold resistance (worn)
 u - a scarf of repulsion (worn)
 C - a +0 kite shield (worn)
Jewellery
 e - a ring of protection from magic (left hand)
 g - a ring of protection from fire (right hand)
 t - an uncursed ring of fire
Wands
 v - a wand of digging (7)
Scrolls
 a - a scroll of remove curse
 h - a scroll of enchant weapon
 k - 2 scrolls of identify
 r - 3 scrolls of teleportation
 s - a scroll of fog
 w - a scroll of blinking
 x - a scroll of noise {unknown}
 y - a scroll of immolation {unknown}
 B - a scroll of magic mapping
Potions
 d - 3 potions of degeneration {unknown}
 i - a potion of might {unknown}
 m - a potion of mutation {unknown}
 o - a potion of invisibility {unknown}
 z - a potion of curing {unknown}
 A - a potion of berserk rage {unknown}
Books
 p - a manual of Stealth
Comestibles
 c - 9 rations
 q - a chunk of flesh


   Skills:
 - Level 6.8(6.4) Fighting
 + Level 9.9(9.6) Maces & Flails
 + Level 0.5(0.2) Throwing
 + Level 5.1(4.8) Armour
 + Level 4.4(4.1) Dodging
 + Level 1.5(1.2) Stealth


You had 7 spell levels left.
You didn't know any spells.
Your spell library was empty.

Dungeon Overview and Level Annotations

Branches:
Dungeon (6/15)
 Temple: D:4-7

Altars:
Ashenzari
Nemelex Xobeh

Shops:
D:4 :

Annotations:
D:6 Pikel


Innate Abilities, Weirdness & Mutations

You reflexively headbutt those who attack you in melee.
You have a pair of horns on your head.


Message History

Pikel is heavily wounded.
The wight hits you from afar with a cursed +0 halberd!
* * * LOW HITPOINT WARNING * * *
You feel drained.
* * * LOW HITPOINT WARNING * * *
You feel a strong urge to attack something.
Found a yellowed book.
You feel your anger nearly subside.
You are no longer berserk.
You are exhausted.
You feel yourself slow down. The slave closely misses you.
The orc hits you with a +0 falchion.
* * * LOW HITPOINT WARNING * * *
You block the slave's attack. The orc hits you but does no damage.
Pikel waves his whip at you.
Pikel hits you with a +0 whip of freezing.
* * * LOW HITPOINT WARNING * * *
You block Pikel's attack.
Pikel hits you with a +0 whip of freezing.
You die...

##.#. ### #.##
....###... ....#....#
........## #........#
#..>.....#
#.##########....#.#.#
#....@Ko.o##....#.#.#
#########z##....#.#.#
###.p#.....)..##
#.z....####....#
####.##.<..####.#.#
#...o#####.##......
#.##....zo.........
.......######.....###
......................


You could see Pikel, a wight and 2 orcs.

Vanquished Creatures
  Prince Ribbit (D:5)
  Eustachio (D:4)
  An orc warrior (D:6)
  A sky beast (D:4)
  3 ogres (D:4)
  A bullfrog (D:6)
  A scorpion (D:5)
  3 wights (D:6)
  2 crimson imps
  A centaur zombie (D:5)
  An orc priest (D:3)
  2 orc wizards
  A hound (D:5)
  An iguana (D:6)
  3 worker ants
  A hound zombie (D:6)
  2 hound skeletons
  7 adders
  2 adder skeletons (D:5)
  An adder zombie (D:6)
  3 dart slugs
  A leopard gecko (D:1)
  13 orcs
  4 ball pythons
  7 giant cockroaches
  8 goblins
  6 hobgoblins
  6 jackals
  4 quokkas
  3 bats
  10 frilled lizards
  A giant cockroach zombie (D:5)
  A jackal skeleton (D:5)
  A jackal zombie (D:4)
  8 kobolds
  A leopard gecko skeleton (D:4)
  A quokka skeleton (D:4)
  A quokka zombie (D:4)
  2 rats (D:1)
117 creatures vanquished.

Notes
Turn   | Place    | Note
-------+----------+-------------------------------------------
     0 | D:1      | arial999 the Minotaur Berserker began the quest for the
                  | Orb.
     0 | D:1      | Reached XP level 1. HP: 19/19 MP: 0/0
   365 | D:1      | Reached skill level 4 in Maces & Flails
   365 | D:1      | Reached XP level 2. HP: 27/27 MP: 1/1
   707 | D:1      | Reached ** piety under Trog
   707 | D:1      | Reached XP level 3. HP: 32/33 MP: 2/2
  1738 | D:2      | Reached XP level 4. HP: 41/41 MP: 3/3
  2166 | D:3      | Found a sparkling altar of Nemelex Xobeh.
  2218 | D:3      | Reached skill level 5 in Maces & Flails
  2261 | D:3      | Reached XP level 5. HP: 31/47 MP: 4/4
  2726 | D:3      | Reached *** piety under Trog
  3111 | D:4      | Found Vuvup Gij's Book Shop.
  3193 | D:4      | Reached skill level 6 in Maces & Flails
  3377 | D:4      | Reached skill level 5 in Fighting
  3491 | D:4      | Found a shattered altar of Ashenzari.
  3542 | D:4      | Reached XP level 6. HP: 49/56 MP: 5/5
  3685 | D:4      | Noticed Eustachio
  3712 | D:4      | Killed Eustachio
  3712 | D:4      | Reached skill level 7 in Maces & Flails
  3906 | D:4      | Reached XP level 7. HP: 48/61 MP: 6/6
  4130 | D:4      | Reached skill level 1 in Stealth
  4508 | D:4      | Reached skill level 8 in Maces & Flails
  4664 | D:5      | Entered Level 5 of the Dungeon
  5475 | D:5      | Noticed Prince Ribbit
  5480 | D:5      | Killed Prince Ribbit
  5480 | D:5      | Reached skill level 9 in Maces & Flails
  5480 | D:5      | Reached XP level 8. HP: 58/71 MP: 7/7
  5994 | D:6      | Reached **** piety under Trog
  5994 | D:6      | Reached skill level 5 in Armour
  5997 | D:6      | Noticed Pikel
  6035 | D:6      | HP: 2/71 [orc/+0 falchion (4)]
  6040 | D:6      | Slain by Pikel

Illustrated notes

Levels and vault maps discovered:
D:1:      dpeg_arrival_rooms_with_view, layout_loops_corners
D:2:      layout_loops_corners
D:3:      layout_rooms, serial_curves, eino_curves_02, eino_curves_03,
          eino_curves_03, eino_curves_04, first_ration,
          nemelex_xobeh_ov_fountains_minmay
D:4:      layout_basic, nicolae_ashenzari_panopticon, serial_shops, shop,
          minmay_manual_macuahuitl, uniq_eustachio
D:5:      layout_loops_corners, mrwooster_statue_mirror,
          kennysheep_generic_room_13, uniq_prince_ribbit1
D:6:      layout_rooms, gup_sewer_entry_pipe, minmay_misc_feat_plants,
          uniq_maggie, uniq_pikel, uniq_duvessa, uniq_crazy_yiuf_cottage

Skill      XL: |  1  2  3  4  5  6  7  8 |
---------------+-------------------------+-----
Maces & Flails | 4 5 6 7 9 |  9.9
Fighting       | 4 5 6 |  6.8
Armour         | 3 4 5 |  5.1
Dodging        | 3 4 |  4.4
Stealth        | 1 |  1.5
Throwing       | |  0.5

Action                   |  1- 3 |  4- 6 |  7- 9 || total
-------------------------+-------+-------+-------++-------
Melee: Mace              |    78 |    37 |       ||   115
       Headbutt          |     4 |    13 |    19 ||    36
       Flail             |       |   101 |   127 ||   228
Throw: Stone             |       |       |     6 ||     6
Invok: Berserk           |       |     1 |     1 ||     2
  Use: Scroll            |     2 |     5 |     1 ||     8
  Eat: Chunk             |     3 |     7 |     7 ||    17
Armor: Animal skin       |     8 |       |       ||     8
       Leather armour    |     3 |    13 |    30 ||    46
       Ring mail         |       |    24 |       ||    24
Dodge: Dodged            |    54 |    70 |    64 ||   188
Block: Kite shield       |       |       |    17 ||    17
